Map: Frozen Temple

Players

Pokebunny

  • Race: Terran Terran
  • League: Grandmaster

void - Winner!

  • Race: Zerg Zerg
  • League: Master

VOD

Have the link to the VOD?

Description

Time

  • Played on: April 6, 2016, 1:07 a.m.
  • Length: 10:15
Show
View Real Time Build Order
Export as new Build Order

Pokebunny Terran 

Build Orders: Reaper Expand, MMM Bio 

Get SALT Encoding   

  12  0:00  SCV  
  13  0:13  SCV  
  14  0:18  Supply Depot  
  14  0:25  SCV  
  15  0:40  SCV  
  15  0:41  Barracks  
  16  0:45  Refinery  
  16  0:52  SCV  
  17  1:04  SCV  
  18  1:16  SCV  
  19  1:28  Orbital Command, Reaper  
  20  1:40  Command Center  
  21  1:54  Supply Depot, SCV  
  21  2:00  Barracks Reactor  
  21  2:06  SCV  
  21  2:07  Barracks  
  22  2:17  Barracks  
  22  2:20  SCV  
  23  2:30  Refinery  
  23  2:32  SCV  
  24  2:38  Marine x2  
  26  2:45  SCV  
  26  2:50  Factory  
  27  2:55  Barracks Tech Lab  
  27  2:57  Orbital Command, SCV  
  28  3:01  Marine  
  28  3:04  Marine  
  30  3:07  Marine  
  30  3:12  SCV  
  32  3:16  Stimpack  
  32  3:24  SCV  
  32  3:25  Marine x3  
  36  3:28  SCV  
  36  3:32  Supply Depot  
  37  3:38  Starport  
  37  3:39  Factory Reactor  
  36  3:43  SCV  
  36  3:44  SCV  
  38  3:53  Engineering Bay  
  38  3:56  Supply Depot  
  38  3:57  SCV x2  
  38  3:59  Marine  
  38  4:00  Marine  
  42  4:03  Marine  
  42  4:04  Marine  
  44  4:12  Supply Depot  
  44  4:22  Medivac x2  
  44  4:23  SCV  
  49  4:24  Marine x2  
  49  4:25  Terran Infantry Weapons Level 1  
  51  4:33  Marine x2  
  51  4:34  Supply Depot  
  51  4:36  Factory Tech Lab  
  53  4:42  Marine, SCV  
  53  4:43  SCV  
  53  4:44  Marine  
  57  4:51  Marine x2  
  59  4:54  SCV  
  59  4:55  SCV  
  61  5:06  Command Center  
  61  5:10  Barracks Reactor, Marine x3  
  64  5:14  Supply Depot  
  64  5:21  Refinery  
  64  5:22  Refinery  
  60  5:31  Combat Shields, Marine x3  
  63  5:38  Siege Tank  
  63  5:39  SCV x2  
  63  5:42  Supply Depot  
  68  5:52  SCV  
  68  5:53  SCV  
  70  5:59  Supply Depot  
  70  6:00  Marine x5  
  75  6:04  SCV  
  75  6:05  SCV  
  76  6:17  Siege Tank  
  78  6:19  Barracks, Marine  
  78  6:20  Barracks, Terran Infantry Armor Level 1  
  78  6:22  Marine x3  
  78  6:25  Marine  
  83  6:39  Marine  
  83  6:40  Marine  
  83  6:41  SCV  
  83  6:42  Supply Depot, SCV  
  86  6:53  Siege Tank  
  89  6:54  Marine x2  
  89  6:55  Orbital Command  
  89  6:56  Concussive Shells, Marine  
  89  6:57  Marine  
  94  7:01  SCV x2  
  94  7:06  Supply Depot  
  94  7:07  Barracks Reactor x2  
  95  7:17  Medivac  
  95  7:18  Medivac  
  99  7:25  Siege Tank  
  91  7:37  Marine x3  
  91  7:38  Orbital Command, Marine x2  
  96  7:44  Marine  
  96  7:45  Marine x3  
  100  7:52  SCV x2  
  100  7:55  Marine x2  
  100  7:57  Marine x2  
  100  7:58  Marauder  
  108  7:59  Siege Tank  
  108  8:02  Marine  
  94  8:18  Marine x5  
  94  8:19  Marauder  
  97  8:21  Armory, Engineering Bay, SCV x3  
  100  8:31  Marine x2  
  100  8:32  Marine  
  101  8:35  Marine  
  101  8:36  Marine, SCV x2  
  101  8:41  Refinery, SCV, Marauder  
  108  8:45  Siege Tank  
  108  8:48  SCV x2  
  88  9:06  Missile Turret  
  83  9:16  Marine x4, Marauder  
  83  9:17  Marine  
  71  9:19  Marine x3  
  62  9:25  SCV x2  
  63  9:37  Siege Tank, SCV  
  63  9:38  Marine  
  67  9:46  Orbital Command  
  67  9:52  Engineering Bay  
  66  9:55  Marine x2  
Show
View Real Time Build Order
Export as new Build Order

void Zerg - Winner!

Build Orders: Hatch First 

Get SALT Encoding   

  12  0:00  Drone  
  13  0:12  Overlord  
  13  0:17  Drone  
  14  0:31  Drone x2  
  14  0:35  Drone  
  17  0:53  Hatchery  
  17  0:56  Drone  
  17  0:58  Drone  
  17  1:01  Extractor  
  17  1:07  Drone  
  18  1:17  Spawning Pool  
  17  1:23  Drone  
  18  1:29  Drone  
  19  1:39  Overlord  
  19  2:04  Zergling x4, Queen  
  19  2:06  Metabolic Boost  
  23  2:09  Queen  
  23  2:10  Drone  
  26  2:17  Drone  
  26  2:18  Drone  
  28  2:23  Drone  
  28  2:26  Extractor  
  29  2:38  Drone x3  
  32  2:45  Pneumatized Carapace  
  32  2:47  Overlord, Queen  
  34  2:53  Drone  
  35  3:00  Drone  
  36  3:10  Drone  
  36  3:11  Drone x2  
  39  3:15  Overlord  
  39  3:20  Drone  
  39  3:21  Drone x4  
  44  3:40  Hatchery  
  44  3:41  Drone x4  
  44  3:45  Roach Warren  
  46  3:51  Lair  
  46  3:52  Extractor  
  46  3:54  Drone x2  
  47  4:02  Drone x3  
  50  4:03  Drone x2  
  50  4:08  Drone, Extractor  
  52  4:13  Spore Crawler  
  52  4:16  Overlord x2  
  51  4:20  Overlord  
  51  4:27  Drone, Evolution Chamber  
  51  4:28  Drone, Evolution Chamber  
  51  4:29  Drone  
  52  4:32  Overlord  
  52  4:36  Roach x2  
  56  4:40  Roach  
  56  4:42  Roach  
  56  4:43  Roach  
  62  4:50  Roach x2  
  62  4:51  Roach  
  68  4:53  Roach  
  68  4:57  Zerg Missile Weapons Level 1  
  68  4:58  Zergling x2  
  71  5:03  Overseer  
  71  5:07  Drone x4  
  71  5:11  Zerg Ground Armor Level 1  
  75  5:15  Zergling x2  
  75  5:16  Zergling x6  
  79  5:23  Glial Reconstitution  
  73  5:32  Drone x2  
  73  5:33  Drone x3  
  78  5:36  Drone  
  78  5:37  Drone x3  
  78  5:39  Extractor  
  78  5:40  Drone, Extractor  
  81  5:48  Overlord  
  81  5:49  Overlord  
  81  5:50  Overlord, Overseer  
  81  5:51  Overlord  
  81  5:59  Overlord  
  81  6:01  Overlord  
  80  6:08  Drone x3  
  80  6:09  Drone x2  
  85  6:12  Roach  
  85  6:15  Roach x2  
  85  6:16  Ravager x3  
  85  6:17  Ravager, Hatchery  
  85  6:18  Ravager  
  95  6:22  Roach x2  
  95  6:24  Roach  
  101  6:27  Spore Crawler  
  101  6:28  Drone  
  101  6:33  Roach  
  101  6:34  Roach x2  
  101  6:35  Roach  
  101  6:38  Roach  
  109  6:40  Roach  
  109  6:45  Overlord  
  109  6:47  Tunneling Claws  
  109  6:50  Zergling x6  
  109  6:51  Zergling x2  
  113  6:54  Burrow  
  113  6:55  Roach  
  113  6:57  Roach  
  113  6:58  Roach  
  113  7:00  Drone x2  
  121  7:03  Overlord  
  121  7:07  Overlord  
  121  7:11  Zerg Missile Weapons Level 2  
  121  7:15  Overlord x3  
  121  7:29  Roach x2  
  111  7:30  Roach x2, Zergling x2  
  111  7:33  Roach x2  
  111  7:34  Roach x2  
  111  7:36  Roach x2  
  114  7:41  Roach x2  
  114  7:42  Roach  
  114  7:43  Roach  
  123  7:44  Ravager  
  123  7:46  Roach  
  123  7:47  Zergling x4  
  123  7:50  Roach  
  129  7:53  Roach x2  
  129  7:54  Ravager  
  129  7:56  Zergling x4  
  136  7:59  Zergling x4  
  131  8:07  Roach x3  
  131  8:08  Roach  
  131  8:09  Roach  
  131  8:10  Roach  
  131  8:12  Roach x2  
  147  8:13  Zergling x2  
  147  8:15  Roach  
  148  8:21  Zergling x2  
  148  8:24  Roach x2  
  152  8:27  Roach x21  
  152  8:28  Overlord  
  152  8:32  Overlord  
  152  8:34  Overlord  
  152  8:38  Overlord x2  
  152  8:44  Roach x25  
  152  8:48  Roach x3  
  154  8:50  Roach x3  
  154  8:51  Roach x4  
  151  8:56  Roach x25, Zergling x2  
  151  9:01  Roach  
  158  9:05  Roach  
  146  9:10  Roach x3  
  146  9:11  Roach x2  
  146  9:13  Roach  
  144  9:20  Roach  
  144  9:21  Roach  
  144  9:22  Roach x2  
  141  9:25  Roach x18, Overseer  
  141  9:27  Queen x2  
  141  9:28  Roach x2  
  149  9:33  Zergling x2  
  149  9:34  Zergling x2  
  151  9:40  Roach x2  
  151  9:45  Roach x2  
  159  9:49  Roach x9  
  161  9:55  Roach x2  
  161  9:57  Extractor  
  161  9:58  Extractor  
Tags
 
Add a new tag
Caveats
  • Supply blocks, unpowered buildings, or Contaminate may cause inaccurate times.
  • Supply counts are checked every 10 seconds.